Cogmind - Beta 15 @@@ ROGUE MODE // 2025.07.15 @ 19:12:11 Player: LameThyst Result: Destroyed by as-25565 with Assembled Heavy Rifle Performance ------------- Evolutions (0) 0 Regions Visited (0) 0 Robots Destroyed (6) 30 Value Destroyed (41) 41 Prototype IDs (0) 0 Alien Tech Used (0) 0 Bonus (0) 0 TOTAL SCORE: 71 Bonus ------- None Cogmind --------- Core Integrity 0/250 Matter 300/300 Energy 99/100 System Corruption 0% Temperature Cool (0) Movement Core (50) Location -11/Scrapyard Parts ------- > --- POWER (1) -------- (None) > --- PROPULSION (2) --- (None) > --- UTILITY (2) ------ Tractor Beam > --- WEAPON (2) ------- (None) > --- INVENTORY (5) ---- Small Storage Unit Peak State ------------ > --- POWER ------------ Ion Engine > --- PROPULSION ------- Light Treads Light Treads > --- UTILITY ---------- Improved Terrain Scanner Seismic Detector > --- WEAPON ----------- Small Laser Light Assault Rifle > --- INVENTORY -------- Light Ion Engine Compact Wheel Small Storage Unit Light Assault Rifle Mining Laser [Rating: 9] Favorites ----------- Power Ion Engine Engine Ion Engine Propulsion Light Treads Treads Light Treads Wheel Wheel Utility Seismic Detector Device Seismic Detector Storage Small Storage Unit Weapon Light Assault Rifle Energy Gun Small Laser Ballistic Gun Light Assault Rifle Special Weapon Mining Laser Build | -11 ------- Run | Yrd Slots Evolved . | . Power . | . Propulsion . | . Utility . | . Weapon . | . Parts Attached 14 | 14 Power 2 | 2 Engine 2 | 2 Core . | . Reactor . | . Propulsion 4 | 4 Treads 2 | 2 Leg . | . Wheel 2 | 2 Hover . | . Flight . | . Utility 4 | 4 Device 3 | 3 Storage 1 | 1 Processor . | . Hackware . | . Protection . | . Artifact . | . Weapon 4 | 4 Energy Gun 1 | 1 Energy Cannon . | . Ballistic Gun 2 | 2 Ballistic Cannon . | . Launcher . | . Special Weapon 1 | 1 Impact Weapon . | . Slashing Weapon . | . Piercing Weapon . | . Special Melee Weapon . | . Unidentified Prototypes . | . Parts Lost 11 | 11 Power 2 | 2 Propulsion 4 | 4 Utility 1 | 1 Weapon 4 | 4 Highest Loss Streak 10 | 10 To Critical Strikes . | . Average Backups 4 | 4 Power . | . Propulsion . | . Utility . | . Weapon 1 | 1 Tool/Special . | . Unused Backups . | . Power . | . Propulsion . | . Utility . | . Weapon . | . Tool/Special . | . Average Slot Usage (%) . | . Peak Build Rating 9 | 9 Average Rating 8 | 8 On Entrance . | . Naked Turns . | . Heaviest Build 13 | 13 Greatest Support 40 | 40 Greatest Overweight (x) 1 | 1 Average Overweight (x) . | . Largest Inventory Capacity 8 | 8 Average Capacity 5 | 5 Most Carried 5 | 5 Average Carried 4 | 4 Final Capacity 5 | 5 Final Carried 1 | 1 Class Distribution -------------------- None Dominant Class ---------------- None Resources | -11 ----------- Run | Yrd Matter Collected 352 | 352 Remotely 30 | 30 Salvage Created 252 | 252 Parts 12 | 12 Haulers Intercepted . | . Recyclers Shooed . | . Parts Field Recycled . | . Retrieved Matter . | . Parts Self-Destructed . | . Prevented . | . Kills | -11 ------- Run | Yrd Combat Hostiles Destroyed 5 | 5 Guns 5 | 5 Classes Destroyed 3 | 3 Tunneler 5 | 5 Recycler 1 | 1 Assembled 5 | 5 Best Kill Streak 4 | 4 Combat Bots Only 4 | 4 Max Kills in Single Turn 1 | 1 Gunslinging . | . Exploded . | . Melee . | . Uniques/NPCs Destroyed . | . Combat | -11 -------- Run | Yrd Hostile Shots Fired 86 | 86 Missed 19 | 19 Hits 67 | 67 Melee 7 | 7 Projectile 60 | 60 Critical Strikes 1 | 1 Damage Taken 1049 | 1049 Core 257 | 257 Absorbed by Shields . | . Core Remaining (%) . | . Volleys Fired 39 | 39 Largest 2 | 2 Hottest 100 | 100 Shots Fired 70 | 70 Gun 68 | 68 Cannon . | . Launcher . | . Special 2 | 2 Kinetic 39 | 39 Thermal 31 | 31 Explosive . | . Electromagnetic . | . Robot Hit Streak 7 | 7 Robot Miss Streak 5 | 5 Penetration Max . | . Secondary Targets 1 | 1 Max Gunslinging Chain 1 | 1 Shots Hit Robots 42 | 42 Core Hits 23 | 23 Critical Kills . | . Critical Parts Destroyed 1 | 1 Critical Strikes 1 | 1 Destroy 1 | 1 Melee Attacks . | . Impact . | . Slashing . | . Piercing . | . Sneak Attacks . | . Combat Hostiles . | . Follow-up Attacks . | . Damage Inflicted 416 | 416 Guns 416 | 416 Cannons . | . Explosions . | . Melee . | . Ramming . | . Kinetic 185 | 185 Thermal 231 | 231 Explosive . | . Electromagnetic . | . Impact . | . Slashing . | . Piercing . | . Highest Corruption . | . Average Corruption . | . Corruption Purged . | . Corruption Blocked . | . Overload Shots . | . Overflow Damage . | . Projectiles . | . Explosions . | . Melee . | . Knockbacks . | . Impact . | . Kinetic . | . Secondary . | . Self-Inflicted Damage . | . Shots . | . Rammed . | . Targets Rammed . | . Kicked . | . Crushed . | . Highest Temperature 80 | 80 Average Temperature 33 | 33 Received Heat Transfer 20 | 20 Siege Activations . | . Martial Activations . | . Shielding Activations . | . Robots Disrupted . | . Combat Hostiles . | . Robots Corrupted . | . Combat Hostiles . | . Parts Fried . | . Impact Corruptions . | . Robots Melted . | . Combat Hostiles . | . Parts Melted . | . Heat Transferred 525 | 525 Parts Sabotaged . | . Parts Stolen . | . Parts Stripped . | . Power Chain Reactions . | . Alert | -11 ------- Run | Yrd Maximum Alert Level . | . Low Security (%) 100 | 100 Level 1 . | . Level 2 . | . Level 3 . | . Level 4 . | . Level 5 . | . High Security . | . Max Security . | . Peak Influence 5 | 5 Initial . | . Average . | . Influence Increases 30 | 30 Destroy 0b10 Robot/NC 30 | 30 Influence Decreases 30 | 30 Time Decay 30 | 30 Squads Dispatched . | . Investigation . | . Extermination . | . Reinforcement . | . Assault . | . Garrison . | . Intercept . | . Searches Triggered . | . Construction Impeded . | . Haulers Reinforced . | . Active Scanning Responses . | . Cargo Convoy Interrupts . | . Stealth | -11 --------- Run | Yrd Distress Signals . | . Communications Jammed . | . Distress Signals . | . Times Spotted 10 | 10 Peak Tracking Total 4 | 4 Tactical Retreats 1 | 1 Traps | -11 ------- Run | Yrd Traps Triggered . | . Indirectly . | . Trap Hack Attempts . | . Triggered . | . Disarmed . | . Reprogrammed . | . Reused . | . Traps Extracted . | . Installed . | . Triggered . | . Machines | -11 ---------- Run | Yrd Machines Disabled . | . Max in Single Turn . | . Machines Repaired . | . Machines Dismantled . | . Machines Sabotaged . | . Overloaded Fab Kills . | . Hacking | -11 --------- Run | Yrd Machines Accessed . | . Terminals . | . Fabricators . | . Repair Stations . | . Recycling Units . | . Scanalyzers . | . Garrison Access . | . Total Hacks . | . Successful . | . Failed . | . Catastrophic . | . Database Lockouts . | . Manual . | . Terminals . | . Fabricators . | . Repair Stations . | . Recycling Units . | . Scanalyzers . | . Garrison Access . | . Terminal Hacks . | . Fabricator Hacks . | . Repair Station Hacks . | . Recycling Unit Hacks . | . Scanalyzer . | . Garrison Access Hacks . | . Unauthorized Hacks . | . Terminals . | . Fabricators . | . Repair Stations . | . Recycling Units . | . Scanalyzers . | . Garrison Access . | . Data Cores Recovered . | . Used . | . Hacking Detections . | . Full Trace Events . | . Feedback Events . | . Feedback Blocked . | . Robot Schematics Acquired . | . Robots Built . | . Authchips . | . Time . | . Total Robot Build Rating . | . Part Schematics Acquired . | . Parts Built . | . Authchips . | . Time . | . Total Part Build Rating . | . Parts Repaired . | . Time . | . Parts Recycled . | . Recycled Matter . | . Retrieved Matter . | . Retrieved Components . | . Parts Scanalyzed . | . Part Schematics Acquired . | . Parts Damaged . | . Bothacking | -11 ------------ Run | Yrd Used RIF Installer . | . Robots Hacked . | . Non-combat . | . Combat . | . Robot Hacks Applied . | . Relay Couplers Released . | . Fabnet Peak Effective % . | . Robots Rewired . | . Allies Hacked . | . Hacks Repelled . | . Allies | -11 -------- Run | Yrd Total Allies . | . Largest Group . | . Highest-Rated Group . | . Highest-Rated Ally . | . Total Orders . | . Ally Attacks . | . Total Damage . | . Kills . | . Allies Corrupted . | . Allies Melted . | . Intel | -11 ------- Run | Yrd Active Infowar (turns) 3869 | 3869 Terrain 3813 | 3813 Seismic 3869 | 3869 Robot Analysis Total . | . Derelict Logs Recovered . | . Drone Launches . | . Drone Recoveries . | . Exploration | -11 ------------- Run | Yrd Turns Passed 4105 | 4105 Spaces Moved 2040 | 2040 Core 30 | 30 Treads 1984 | 1984 Legs . | . Wheels 26 | 26 Hover . | . Flight . | . Fastest Speed 50 | 50 Average Speed 157 | 157 Slowest Speed 160 | 160 Overloaded Moves . | . Propulsion Burnouts . | . Robots Hopped . | . Potential Cave-ins . | . Cave-ins Triggered . | . Exploration Rate (%) 87 | 87 Regions Visited . Branch Regions . Pre-discovered Areas . | . Known Exits Taken . | . Unknown Exits Taken . | . Scrap Searched . | . Spaces Dug . | . Terrain Destroyed 2 | 2 Melee . | . Projectile 2 | 2 AOE . | . Terrain Rammed . | . Walls Destroyed . | . Machines Disabled . | . Actions | -11 --------- Run | Yrd Total 2856 | 2856 Wait 755 | 755 Move 2040 | 2040 Hop . | . Pick Up 5 | 5 Fast Attach 8 | 8 Attach 5 | 5 Detach . | . Swap 3 | 3 Drop 1 | 1 Fire 39 | 39 Melee . | . Ram . | . Kick . | . Crush . | . Escape Stasis . | . Rewire . | . Trap . | . Miscellaneous . | . Route ------- -11/Scrapyard (discovered 1 exit: [*Mat]) History --------- Turn | Location | Event 4 | -11/Scrapyard | Discovered new exit (range 16) 3856 | -11/Scrapyard | Assembled infested the area 4054 | -11/Scrapyard | Core integrity fell below 50% 4090 | -11/Scrapyard | Core integrity fell below 20% 4106 | -11/Scrapyard | Destroyed by as-25565 with Assembled Heavy Rifle Last Messages --------------- 04010_ Switching to secondary target: as-45788. 04018_ Lgt. Treads destroyed. 04022_ as-45788 destroyed. 04025_ Acquired 12 matter. 04026_ Acquired 7 matter. 04044_ Dropped Imp. Terrain Scanner. 04045_ Acquired Tractor Beam. 04050_ Sml. Laser destroyed. 04058_ Lgt. Assault Rifle destroyed. 04061_ Ion Engine destroyed. 04063_ Lgt. Treads destroyed. 04065_ as-99118 destroyed. 04066_ Acquired 20 matter. 04074_ Wheel destroyed. 04076_ Lgt. Assault Rifle destroyed. 04086_ Mining Laser destroyed. 04088_ Com. Wheel destroyed. 04093_ Seismic Detector destroyed. 04096_ Lgt. Ion Engine destroyed. 04098_ Acquired 10 matter. Map ----- +----------------------------------------------------+ | ????????????#????????????????????????????????????? | | ????????#########????????????????????????????????? | | ???##???# # ##??????????????????????????????? | | #????#??# # ##?????????????????????????????? | | ???#????# #????#????????????????????????? | | ????#???# # ###???????????#????????????????? | | ?????#??# ### ##?????#???????????????????????? | | ???????## ??# #????????#?#???????????????????? | | ??##?#?######### #?#???#???#????????????????????? | | ??#????#???????# ###????????????????????????????? | | ?#?####?#?????## # #?#??????????????????????????? | | ?????#????#???# ##?#?###?##?????#?????#??????? | | ?#?#?????####?## # ##?#?????##???##?#??##????#?#? | | ????????#?#?#??# ###???????#?????????#????#??#??? | | ???#####??##?#?# #???#######???????????##???#??#? | | ##### ########## ##### #??????#?#??###????#??# | | #?#?????#???#?#?#????## | | = #?#?#????#??#####??#??# | | ####################### ###?#?????############# | | #?#??##?#?#???#???## ##?##???#??# # | | #?##????############ #########??# # | | #?######## # # #?## # | | ##????#?## #??# ## | | # ########### #a # #### # | | # # #??# # ############ # | | # # ############## @# # ### ###### ## | | ##?##?# # # = | | # # ##????# # #|% # | | # # ###???# # # # ############ | | # # ####????## |%= ## ###?#??###?## | | # #####???##???# # ## #?####??##?## | | # #??#???#??#??# #= # ## #?####??#?### | | # ##?#??#?#?###########%%######## ###########?# | | #???############?# %= ##### # #### | | # #?### #?### % % ##??# # #### | | # #???# = ##??#% ##### # ###? | | # ##### = #####= *! # #### | | |%! #?## | | # = % ##### # #### | | # #####!! ##### < ##### # ##?# | | # ##??# ! #?#?# ##### # #### | | #???# = #?############?#?# ###########?#? | | ######## ##########?######???# ##?#?####?#### | | # # # #######?#??#?# ##???#???#??#? | | # ############## #?#?#?#???#?## | | #### ## #### ########??#?#? | | ?#?# # # ##?# ##??#?#?#???## | | #?## # # # ##?# ####?#?#????## | | ?#?# # # #??# #?#??##?#????? | | ########### ######## #?## ###?#??######? | +----------------------------------------------------+ Best States ------------- Heat Dissipation 25 Energy Generation 10 Energy Capacity 250 Matter Stores 300 Matter Capacity 300 Sight Range 16 Terrain Scan Range 16 Terrain Scan Density 10 Evasion (%) 50 Recoil Reduction 2 Item Schematics ----------------- None Robot Schematics ------------------ None Fabricated ------------ Nothing Repaired ---------- Nothing Alien Tech Used ----------------- None Achievements -------------- Curiosity Killed The Cat Challenges ------------ None Game ------ Seed TrackerExpertLog Manual? 0 Play Time 00:22:46 Cumulative 85.5 hours Start 2025.07.15 @ 19:00:28 End 2025.07.15 @ 19:12:11 Sessions 0 Manual Loads 0 Difficulty Rogue Special Mode None Game No. 91 Rogue 91 Adventurer 0 Explorer 0 Win Type - Total 0 Types 0/0/0/0/0/0/0/0/0/0 Lore% 48 Gallery% 41 Achievement% 30 Wizard Run 0 Options --------- Layout 1 ASCII 0 Keyboard 0 Movement Mouse Keybinds 0 Fullscreen 2 Font 48/Smallcaps Map View 50x35 Zoom Use 0% Tactical HUD 1 Map Filters NONE Filters NONE Steam 0 RUN: 87fc42ed-fa98-404e-89a8-db0230381ba5